 Dungeon Crawl Stone Soup version 0.27-a0-1312-g5cdb2b3542 (webtiles) character file.

Game seed: 6467829621053588554

11417 27snakeeyes612 the Cleaver (level 11, -1/151 HPs)
             Began as a Minotaur Berserker on June 20, 2021.
             Was a High Priest of Trog.
             Slain by a bullfrog (3 damage)
             ... on level 9 of the Dungeon.
             The game lasted 00:13:35 (8236 turns).

27snakeeyes612 the Cleaver (Minotaur Berserker)     Turns: 8236, Time: 00:13:35

Health: -1/151     AC: 17    Str: 25    XL:     11   Next: 49%
Magic:  11/11      EV:  8    Int:  4    God:    Trog [*****.]
Gold:   481        SH:  9    Dex: 10    Spells: 10/10 levels left

rFire    + + .     SeeInvis .   o - +3 broad axe (flame)
rCold    . . .     Faith    .   a - +2 kite shield {rF+}
rNeg     + + .     Spirit   .   r - +0 chain mail
rPois    .         Reflect  .   (helmet restricted)
rElec    .         Harm     .   m - +2 cloak
rCorr    .         Rampage  .   f - +1 pair of gloves
Will     +++++     Clarity  +   (no boots)
Stlth    ..........             j - amulet of the Four Winds {rN+ Will+++ Clar}
HPRegen  1.35/turn              q - ring of protection from fire
MPRegen  0.12/turn              u - ring of positive energy

@: berserking, strong-willed, regenerating, studying Crossbows, very quick
A: horns 2, retaliatory headbutt
a: Renounce Religion, Berserk, Trog's Hand, Brothers in Arms


You were on level 9 of the Dungeon.
You worshipped Trog.
Trog was extremely pleased with you.
You visited 1 branch of the dungeon, and saw 9 of its levels.
You also visited: Bailey.

You collected 481 gold pieces.

Inventory:

Hand Weapons
 o - a +3 broad axe of flaming (weapon)
Missiles
 i - 59 bolts
 E - 2 curare-tipped darts
 F - a throwing net
Armour
 a - a +2 kite shield of fire resistance (worn)
 f - a +1 pair of gloves (worn)
 m - a +2 cloak (worn)
 r - a +0 chain mail (worn)
Jewellery
 g - an amulet of guardian spirit
 j - the amulet of the Four Winds (around neck) {rN+ Will+++ Clar}
   (You found it in a bailey)

   [amulet of nothing]

   It protects you from negative energy.
   It protects you against confusion.
   It greatly increases your willpower.
 p - an amulet of regeneration
 q - a ring of protection from fire (left hand)
 s - the ring "Guvisaesm" {rN+ Int+6}
   (You found it in a bailey)

   [ring of positive energy]

   It affects your intelligence (+6).
   It protects you from negative energy.
 u - a ring of positive energy (right hand)
 H - a +6 ring of dexterity
 I - a ring of poison resistance
Wands
 d - a wand of iceblast (18) (quivered)
 n - a wand of polymorph (7)
Scrolls
 c - a scroll of identify
 w - a scroll of teleportation
 y - a scroll of summoning
Potions
 e - a potion of lignification
 h - 2 potions of flight
 k - 2 potions of haste
 t - a potion of mutation {unknown}
 v - a potion of cancellation {unknown}
 x - 2 potions of brilliance
 z - a potion of degeneration
 B - 2 potions of berserk rage
 D - 2 potions of attraction {unknown}
 G - 2 potions of curing


   Skills:
 + Level 10.5 Fighting
 + Level 14.1 Axes
 + Level 10.5 Armour
 + Level 7.2 Dodging
 - Level 0.8 Stealth
 + Level 0.0 Shields
 + Level 2.4 Invocations
 - Level 1.0 Evocations


You had 10 spell levels left.
You didn't know any spells.
Your spell library was empty.

Dungeon Overview and Level Annotations

Branches:
Dungeon (9/15)             Temple (0/1) D:7            Lair (0/6) D:9
 Bailey (visited)
    Orc: D:9-12

Altars:
Dithmenos
Fedhas
Kikubaaqudgha
Makhleb
Sif Muna
Uskayaw
Vehumet
Xom
Yredelemnul
Zin
The Shining One

Shops:
D:3 =


Innate Abilities, Weirdness & Mutations

You have a pair of horns on your head.
You reflexively headbutt those who attack you in melee.


Message History

The centaur zombie kicks you but does no damage.
The two-headed ogre hits you with a +0 giant club!!
* * * LOW HITPOINT WARNING * * *
The two-headed ogre closely misses you.
The centaur zombie hits you but does no damage.
You block the centaur zombie's attack.
You slash the two-headed ogre! You burn the two-headed ogre.
The two-headed ogre is moderately wounded.
You hit the centaur zombie. You burn the centaur zombie.
The two-headed ogre hits you but does no damage.
The two-headed ogre hits you with a +0 giant spiked club.
* * * LOW HITPOINT WARNING * * *
The centaur zombie hits you but does no damage.
You block the centaur zombie's attack.
A red film seems to cover your vision as you go berserk!
You feel yourself moving faster!
You feel mighty! The centaur zombie hits you.
* * * LOW HITPOINT WARNING * * *
The centaur zombie kicks you.
* * * LOW HITPOINT WARNING * * *
The two-headed ogre barely misses you. The two-headed ogre closely misses you.
You slash the two-headed ogre! You burn the two-headed ogre.
Your headbutt misses the two-headed ogre.
The two-headed ogre is heavily wounded.
You slash the centaur zombie! You burn the centaur zombie.
You destroy the centaur zombie!
Trog accepts your kill.
A bullfrog comes into view.
The bullfrog croaks.
You slash the two-headed ogre! You burn the two-headed ogre.
The two-headed ogre is severely wounded.
You block the two-headed ogre's attack.
The two-headed ogre hits you with a +0 giant spiked club!
* * * LOW HITPOINT WARNING * * *
You slash the two-headed ogre! You burn the two-headed ogre.
The two-headed ogre is almost dead.
You closely miss the bullfrog.
The two-headed ogre hits you with a +0 giant club!!
* * * LOW HITPOINT WARNING * * *
You block the two-headed ogre's attack. The bullfrog hits you.
You die...

.. #. ## ##.# ...### #..#
#....########.#
#....##....#
###........##
##...###...####
##...#O@F......#
#...#..###)###..#
##.....##)....# ..
#.....##.#####.#
########..#.##.#.....#.#
.........##.#.#..###..#.#
#.......###.#. .#... .#
#.<.....# #.'. .#.#.# +
##......# #.#. .#.. #


You could see a two-headed ogre and a bullfrog.

Vanquished Creatures
  A boulder beetle (D:8)
  2 two-headed ogres (D:9)
  A deep elf pyromancer (D:9)
  A manticore (D:8)
  3 centaur zombies
  Maggie (D:6)
  An unseen horror (D:6)
  Psyche (D:8)
  2 polar bears (D:8)
  A meliai (shapeshifter) (D:8)
  A dream sheep (D:8)
  6 yaks
  2 wyverns (D:8)
  2 hogs (D:8)
  A steam dragon (D:9)
  2 vampire mosquitoes (D:6)
  Menkaure (D:6)
  2 water moccasins
  Duvessa (D:6)
  7 orc warriors
  7 black bears
  A sky beast (D:5)
  3 ogres (D:6)
  6 centaurs
  A phantom (D:5)
  2 kobold brigands
  6 bullfrogs
  3 gnoll sergeants
  A scorpion (D:6)
  Dowan (D:6)
  A wyvern zombie (D:6)
  A water moccasin skeleton (D:4)
  5 killer bees
  5 wights (D:6)
  A howler monkey (D:6)
  An electric eel (D:8)
  2 bullfrog zombies
  5 hounds
  A jelly (D:6)
  2 gnoll shamans (D:9)
  2 orc priests
  A centaur skeleton (D:5)
  3 iguanas
  An orc wizard (D:7)
  A scorpion zombie (D:5)
  A killer bee zombie (D:7)
  A howler monkey zombie (D:6)
  20 gnolls
  4 adders
  3 worms
  2 dart slugs (D:2)
  16 orcs
  8 ball pythons
  5 endoplasms
  3 giant cockroaches
  16 goblins
  10 hobgoblins
  6 jackals (D:1)
  17 kobolds
  2 quokkas
  5 bats
  A frilled lizard (D:1)
  4 rats
226 creatures vanquished.

Vanquished Creatures (others)
  4 plants (D:9)
4 creatures vanquished.

Grand Total: 230 creatures vanquished

Notes
Turn   | Place    | Note
-------+----------+-------------------------------------------
     0 | D:1      | 27snakeeyes612 the Minotaur Berserker began the quest for
                  | the Orb.
     0 | D:1      | Reached XP level 1. HP: 19/19 MP: 0/0
   400 | D:1      | Reached skill level 4 in Axes
   405 | D:1      | Reached XP level 2. HP: 24/27 MP: 1/1
   918 | D:1      | Reached XP level 3. HP: 31/33 MP: 2/2
  1014 | D:2      | Reached ** piety under Trog
  1070 | D:2      | Found a faded altar of an unknown god.
  1101 | D:2      | Reached XP level 4. HP: 14/41 MP: 3/3
  1561 | D:2      | Reached skill level 5 in Axes
  2029 | D:3      | Reached skill level 5 in Fighting
  2263 | D:3      | Found Hozoh's Jewellery Boutique.
  2298 | D:3      | Reached XP level 5. HP: 48/48 MP: 4/4
  2346 | D:3      | Found a glowing silver altar of Zin.
  2650 | D:4      | Noticed Sigmund
  2651 | D:4      | Noticed Sigmund
  2651 | D:4      | Sigmund changed into Sigmund the kobold
  2656 | D:4      | Killed Sigmund the kobold
  2886 | D:4      | Reached skill level 6 in Axes
  2957 | D:4      | Found a glowing golden altar of the Shining One.
  3246 | D:5      | Entered Level 5 of the Dungeon
  3257 | D:5      | Noticed a black bear
  3267 | D:5      | Killed a black bear
  3268 | D:5      | Reached XP level 6. HP: 48/56 MP: 5/5
  3331 | D:5      | Noticed a sky beast
  3342 | D:5      | Killed a sky beast
  3381 | D:5      | Reached *** piety under Trog
  3382 | D:5      | Reached skill level 7 in Axes
  3382 | D:5      | Reached skill level 5 in Armour
  3382 | D:5      | Reached XP level 7. HP: 62/62 MP: 6/6
  3430 | D:5      | Reached skill level 8 in Axes
  3634 | D:5      | Found a shimmering altar of Xom.
  3643 | D:5      | Reached XP level 8. HP: 66/70 MP: 7/7
  3820 | D:6      | Reached skill level 9 in Axes
  3893 | D:6      | Noticed Duvessa
  3894 | D:6      | Noticed Dowan
  3903 | D:6      | Killed Duvessa
  3907 | D:6      | Killed Dowan
  3912 | D:6      | Noticed Maggie
  3919 | D:6      | HP: 4/106 [howler monkey zombie (2)]
  3933 | D:6      | Killed Maggie
  3934 | D:6      | Reached skill level 10 in Axes
  4229 | D:6      | Reached XP level 9. HP: 79/79 MP: 8/8
  4298 | D:6      | Found an ancient bone altar of Kikubaaqudgha.
  4443 | D:6      | Reached skill level 11 in Axes
  4456 | D:6      | Reached skill level 1 in Evocations
  4476 | D:6      | Identified the +2 scale mail of Squeaky Brilliance {Slay+3}
  4508 | D:6      | Killed an unseen horror
  4833 | D:6      | Noticed Menkaure
  4838 | D:6      | Killed Menkaure
  4839 | D:6      | Reached skill level 12 in Axes
  5007 | D:7      | Found a flagged portal.
  5009 | D:7      | Reached **** piety under Trog
  5023 | Bailey   | Entered a bailey
  5142 | Bailey   | Found the amulet of the Four Winds {rN+ Will+++ Clar}
  5160 | Bailey   | Identified the ring "Guvisaesm" {rN+ Int+6}
  5330 | D:7      | Reached XP level 10. HP: 90/90 MP: 9/9
  5365 | D:7      | Found a staircase to the Ecumenical Temple.
  5488 | D:7      | Found a radiant altar of Vehumet.
  5496 | D:7      | Found a shimmering blue altar of Sif Muna.
  5657 | D:7      | Found a hide-covered altar of Uskayaw.
  5918 | D:8      | Found a huge runed translucent gate.
  5919 | D:8      | Found a huge runed translucent gate.
  5919 | D:8      | Found a huge runed translucent gate.
  5919 | D:8      | Found a huge runed translucent gate.
  5920 | D:8      | Noticed a manticore
  6535 | D:8      | Found a shadowy altar of Dithmenos.
  6612 | D:8      | Noticed Psyche
  6617 | D:8      | Killed Psyche
  6618 | D:8      | Reached skill level 13 in Axes
  6781 | D:8      | Reached skill level 5 in Dodging
  6799 | D:8      | Killed a manticore
  7019 | D:9      | Found a staircase to the Lair.
  7019 | D:9      | Noticed a fire dragon
  7077 | D:8      | Reached ***** piety under Trog
  7242 | D:9      | Noticed a boulder beetle
  7332 | D:8      | Killed a boulder beetle
  7333 | D:8      | Reached skill level 10 in Fighting
  7333 | D:8      | Reached skill level 10 in Armour
  7333 | D:8      | Reached XP level 11. HP: 33/99 MP: 10/10
  7735 | D:9      | Found a basalt altar of Yredelemnul.
  7737 | D:9      | Found a burning altar of Makhleb.
  7752 | D:9      | Found a blossoming altar of Fedhas.
  7770 | D:9      | Noticed a two-headed ogre
  7781 | D:9      | Killed a two-headed ogre
  7782 | D:9      | Reached skill level 1 in Invocations
  7795 | D:9      | Noticed a two-headed ogre
  7805 | D:9      | Reached skill level 14 in Axes
  7807 | D:9      | Killed a two-headed ogre
  7923 | D:9      | Noticed a centaur warrior
  7927 | D:9      | Noticed an eight-headed hydra
  7932 | D:9      | Noticed a centaur warrior
  8062 | D:9      | Noticed a deep elf pyromancer
  8107 | D:9      | Killed a deep elf pyromancer
  8215 | D:9      | Noticed a two-headed ogre
  8236 | D:9      | HP: 2/151 [two-headed ogre (21)]
  8236 | D:9      | Slain by a bullfrog

Illustrated notes

Levels and vault maps discovered:
D:1:      minmay_arrival_semitransparent, layout_rooms
D:2:      layout_basic, hellmonk_ecumenical_altar_leap_of_faith
D:3:      layout_basic, zin_treasury, serial_shops, shop
D:4:      layout_gridville, nicolae_tso_swordbearing_angel, uniq_sigmund
D:5:      layout_rooms, brannock_xom_greatest_gift, grunt_decor_mini_mirrors,
          dk_vineyard_1
D:6:      minmay_chambers_of_sixes, layout_basic, lemuel_doored_altar,
          uniq_menkaure, uniq_duvessa, uniq_maggie
D:7:      layout_loops_cross, amethyst_overflow_temple_binary,
          nicolae_uskayaw_dance_studio, minmay_temple_entry_tees,
          enter_bailey_3, hangedman_abyss_or_decor_stagger
D:8:      lemuel_bear_cage, layout_basic, lemuel_coloured_pillars_altar,
          minmay_misc_feat_doors, minmay_crystal_water, uniq_psyche
D:9:      minmay_the_grid_octo_tiled_octocenter [minmay_the_grid_octo_odd_swirl,
          minmay_the_grid_octo_clover_2, minmay_the_grid_octo_concentric,
          minmay_the_grid_octo_teeth, minmay_the_grid_octo_prize_star,
          minmay_the_grid_square_5x5_dogpile,
          minmay_the_grid_square_5x5_checkered_statues,
          minmay_the_grid_square_5x5_intrusive_squares,
          minmay_the_grid_square_5x5_seven], layout_cave_pods,
          nemelex_xobeh_ov_fountains_minmay, nicolae_overflow_hidden_temple,
          fedhas_ov_isle_minmay, minmay_lair_entry_lava

Skill      XL: |  1  2  3  4  5  6  7  8  9 10 11 |
---------------+----------------------------------+-----
Axes           | 4 5 6 7 8 10 12 13 14 | 14.1
Fighting       | 4 5 6 7 8 10 | 10.5
Armour         | 4 5 6 8 10 | 10.5
Dodging        | 3 4 6 7 |  7.2
Evocations     | 1 |  1.0
Invocations    | 2 |  2.4
Stealth        | |  0.8

Action                   |  1- 3 |  4- 6 |  7- 9 | 10-12 || total
-------------------------+-------+-------+-------+-------++-------
Melee: Hand axe          |    62 |    64 |       |       ||   126
       Headbutt          |     7 |    21 |    32 |    35 ||    95
       Broad axe         |       |    34 |   208 |   179 ||   421
Invok: Trog's Hand       |       |       |     1 |     5 ||     6
       Berserk           |       |       |     1 |     2 ||     3
Evoke: Wand              |       |     1 |     4 |     1 ||     6
  Use: Scroll            |       |       |    15 |     4 ||    19
       Potion            |       |       |     7 |       ||     7
Armor: Animal skin       |    13 |     7 |       |       ||    20
       Scale mail        |       |    22 |       |       ||    22
       Chain mail        |       |    33 |   187 |   160 ||   380
       Skin              |       |       |    43 |       ||    43
Dodge: Dodged            |    50 |    61 |   173 |   150 ||   434
Block: Kite shield       |       |       |       |     9 ||     9

Table legend: (Time is in decaauts)
 A = Elapsed time spent in this place.
 B = Non-inter-level travel time spent in this place.
 C = Inter-level travel time spent in this place.
 D = Time resting spent in this place.
 E = Time spent auto-exploring this place.
 F = Levels seen in this place.
 G = Mean time per level.
                   A        B        C        D        E       F      G
               +--------+--------+--------+--------+--------+-----+--------+
         Total |   8282 |   8057 |    225 |   1051 |   5418 |  10 |  828.2 |
       Dungeon |   8073 |   7848 |    225 |    989 |   5418 |   9 |  897.0 |
        Bailey |    209 |    209 |      0 |     62 |      0 |   1 |  209.0 |
               +--------+--------+--------+--------+--------+-----+--------+

Top non-repeatable levels by time:
     D:8: 1731 daAuts
     D:6: 1149 daAuts
     D:1: 957 daAuts
     D:3: 788 daAuts
     D:2: 780 daAuts
     D:4: 728 daAuts
     D:7: 699 daAuts
     D:9: 654 daAuts
     D:5: 582 daAuts
  Bailey: 209 daAuts
